 Dungeon Crawl Stone Soup version 0.29.0-11-gd7f09526c8 (webtiles) character file.

Game seed: 10803749446474708821

72 DoubleLucky the Ruffian (level 4, -1/44 HPs)
             Began as a Troll Fighter on Sept 5, 2022.
             Succumbed to Ijyb's poison
             ... on level 3 of the Dungeon.
             The game lasted 00:05:23 (1861 turns).

DoubleLucky the Ruffian (Troll Fighter)             Turns: 1861, Time: 00:05:24

Health: -1/44      AC:  8    Str: 24    XL:     4   Next: 7%
Magic:  3/3        EV: 10    Int:  6    God:
Gold:   102        SH:  0    Dex:  9    Spells: 3/3 levels left

rFire   . . .      SeeInvis .     - Unarmed
rCold   . . .      Faith    .   (no shield)
rNeg    . . .      Spirit   .   a - +0 robe
rPois   .          Reflect  .   (helmet restricted)
rElec   .          Harm     .   (no cloak)
rCorr   .          Rampage  .   (gloves unavailable)
Will    .....                   (boots unavailable)
Stlth   +.........              (no amulet)
HPRegen 0.94/turn               r - +4 ring of protection
MPRegen 0.08/turn               (no ring)

@: lethally poisoned (-1 -> -15)
A: large, unfitting armour, claws 3, regeneration 1, shaggy fur 1, tough skin 1
a: no special abilities


You were on level 3 of the Dungeon.
You visited 1 branch of the dungeon, and saw 3 of its levels.

You collected 102 gold pieces.

Inventory:

Missiles
 k - 35 stones (quivered)
 o - 4 boomerangs of dispersal
Armour
 a - a +0 robe (worn)
 b - a +0 kite shield
Jewellery
 r - a +4 ring of protection (left claw)
Scrolls
 d - a scroll of amnesia {unknown}
 f - a scroll of blinking {unknown}
 h - 2 scrolls of teleportation {unknown}
 i - 2 scrolls of magic mapping {unknown}
 j - 3 scrolls of immolation {unknown}
 l - a scroll of enchant weapon {unknown}
 m - a scroll of torment {unknown}
 n - a scroll of butterflies {unknown}
Potions
 c - 2 potions of might
 g - 2 potions of mutation
 p - a potion of curing
 q - a potion of flight {unknown}
 s - 2 potions of haste
 t - a potion of ambrosia {unknown}


   Skills:
 - Level 2.4 Fighting
 - Level 2.4 Dodging
 - Level 2.6 Shields
 + Level 4.4 Unarmed Combat


You had 3 spell levels left.
You didn't know any spells.
Your spell library contained the following spells:

 Spells                   Type           Power      Damage    Failure   Level
 Slow                     Hex            0%         N/A       45%         1
 Sublimation of Blood     Necr           0%         N/A       58%         2
 Confusing Touch          Hex            0%         N/A       83%         3
 Vampiric Draining        Necr           0%         2d6       83%         3
 Passage of Golubria      Tloc           0%         N/A       99%         4
 Petrify                  Tmut/Erth      0%         N/A       99%         4
 Fireball                 Conj/Fire      0%         3d3       100%        5
 Irradiate                Conj/Tmut      0%         3d11      100%        5
 Silence                  Hex/Air        0%         N/A       100%        5
 Orb of Destruction       Conj           0%         9d5       100%        7
 Spellforged Servitor     Conj/Summ      0%         N/A       100%        7
 Lehudib's Crystal Spear  Conj/Erth      0%         10d2      100%        8


Dungeon Overview and Level Annotations

Branches:
Dungeon (3/15)

Altars:
Ru

Shops:
D:1 :

Annotations:
D:3 Ijyb


Innate Abilities, Weirdness & Mutations

You are too large for most types of armour.
You have claws for hands.
Your natural rate of healing is unusually fast.
You are covered in fur. (AC +1)
You have tough skin. (AC +1)


Message History

Ijyb hits you with a +1 dagger of venom.
You are more poisoned.
You scratch Ijyb but do no damage.
Ijyb is lightly wounded.
You feel very sick.
Ijyb hits you with a +1 dagger of venom.
You scratch Ijyb but do no damage.
Ijyb is lightly wounded.
You feel very sick.
The rat twitches its whiskers.
Ijyb hits you but does no damage.
You are more poisoned.
You barely miss Ijyb.
Ijyb is lightly wounded.
You feel very sick. Ijyb hits you but does no damage.
You are more poisoned.
You scratch Ijyb but do no damage.
Ijyb is lightly wounded.
You feel very sick.
Ijyb hits you with a +1 dagger of venom.
You are lethally poisoned!
You scratch Ijyb.
Ijyb is lightly wounded.
You feel very sick.
You scratch Ijyb but do no damage.
Ijyb is lightly wounded.
* * * LOW HITPOINT WARNING * * *
You feel very sick. Ijyb misses you.
You scratch Ijyb.
Ijyb is moderately wounded.
* * * LOW HITPOINT WARNING * * *
You feel very sick.
Ijyb hits you with a +1 dagger of venom.
* * * LOW HITPOINT WARNING * * *
You are more poisoned.
You scratch Ijyb but do no damage.
Ijyb is moderately wounded.
You die...

#.#.......##########(...(..(.
#.#.###..#.......#....#
.........#.......#...)#
#.#.##..####...####.#.#
###.###..#.......#..#.#
#......#...#...#..#.#
###.#..###'#'###..#..
#.##.....#.g...####
#.##...#.#.#@..#
#.##..g#####...#
#.##...#.#_#...#
#.##.....#.....#
#.#..###+#+###..# #.#..#
#..r#..# #.#..# .....#..#
#...## #.?.####...
###..#.......#.$#..


You could see Ijyb and a rat.

Vanquished Creatures
  2 worms
  A dart slug (D:1)
  A bat (D:1)
  7 endoplasms
  A giant cockroach (D:1)
  5 goblins
  6 hobgoblins
  8 jackals
  4 kobolds
  3 quokkas (D:1)
  7 ball pythons
  4 frilled lizards
  6 rats
55 creatures vanquished.

Notes
Turn   | Place    | Note
-------+----------+-------------------------------------------
     0 | D:1      | DoubleLucky the Troll Fighter began the quest for the Orb.
     0 | D:1      | Reached XP level 1. HP: 22/22 MP: 0/0
    48 | D:1      | Found Jeavuor's Vocational Training.
    90 | D:1      | Got the Commentary on Concussion
   121 | D:1      | Reached XP level 2. HP: 27/29 MP: 1/1
   166 | D:1      | Found a faded altar of an unknown god.
   172 | D:1      | Reached skill level 3 in Unarmed Combat
   281 | D:1      | Reached XP level 3. HP: 18/36 MP: 2/2
   878 | D:2      | Reached skill level 4 in Unarmed Combat
  1648 | D:3      | Reached XP level 4. HP: 44/44 MP: 3/3
  1770 | D:3      | Noticed Ijyb
  1843 | D:3      | Found a sacrificial altar of Ru.
  1861 | D:3      | Succumbed to Ijyb's poison

Illustrated notes

Levels and vault maps discovered:
D:1:      lightli_arrival_flooded_house, layout_loops_ring,
          chequers_ecumenical_altar_island, nicolae_shop_vocational
D:2:      layout_loops_corners
D:3:      layout_loops_cross, hangedman_ru_absence, minitemple, uniq_ijyb,
          uniq_crazy_yiuf_cottage

Skill      XL: |  1  2  3 |
---------------+----------+-----
Unarmed Combat | 3 4 |  4.4
Fighting       | |  2.4
Dodging        | |  2.4
Shields        | |  2.6

Action                   |  1- 3 |  4- 6 || total
-------------------------+-------+-------++-------
Melee: Unarmed           |   142 |    14 ||   156
       Punch             |     1 |       ||     1
Throw: Dart              |       |     3 ||     3
  Use: Scroll            |       |     3 ||     3
 Stab: Sleeping          |     2 |       ||     2
Armor: Robe              |    43 |     4 ||    47
Dodge: Dodged            |    69 |     3 ||    72
